 Dungeon Crawl Stone Soup version 0.29-a0-322-g68df515428 (webtiles) character file.

Game seed: 14196298433783150125

7266 spaghetti the Nimble (level 11, -3/84 HPs)
             Began as a Gnoll Warper on Apr 7, 2022.
             Was a Follower of Cheibriados.
             Slain by a fire elemental (13 damage)
             ... created by the fiery vengeance of Ignis
             ... on level 1 of the Lair of Beasts.
             The game lasted 00:22:18 (10479 turns).

spaghetti the Nimble (Gnoll Warper)                Turns: 10479, Time: 00:22:19

Health: -3/84      AC: 10    Str: 19    XL:     11   Next: 12%
Magic:  22/22      EV: 16    Int: 21    God:    Cheibriados [*.....]
Gold:   1034       SH:  0    Dex: 14    Spells: 12/25 levels left

rFire   . . .      SeeInvis +   J - +6 rapier of Context {freeze, Int+3 Stlth+, short}
rCold   . . .      Faith    .   (no shield)
rNeg    . . .      Spirit   .   M - +0 steam dragon scales
rPois   .          Reflect  .   x - +0 hat {Stlth+}
rElec   .          Harm     .   s - +0 cloak
rCorr   .          Rampage  .   (no gloves)
Will    .....                   A - +1 pair of boots
Stlth   +++++.....              j - amulet of regeneration {@e2}
HPRegen 1.04/turn               w - ring of see invisible
MPRegen 0.18/turn               B - +6 ring of strength

@: about to teleport, studying Dodging, fire susceptible, very slow
A: fangs 1, strong nose, distributed training, horns 1, MP-powered wands
a: Renounce Religion, Bend Time


You were on level 1 of the Lair of Beasts.
You worshipped Cheibriados.
Cheibriados was aware of your devotion.
You visited 3 branches of the dungeon, and saw 11 of its levels.

You collected 1034 gold pieces.


Innate Abilities, Weirdness & Mutations

You have very sharp teeth.
Your uncanny sense of smell can sniff out nearby items.
Your experience applies equally to all skills.
You have a pair of small horns on your head.
You expend magic power (3 MP) to strengthen your wands.


   Skills:
 + Level 7.6 Fighting
 + Level 6.0 Short Blades
 + Level 7.6 Long Blades
 + Level 6.0 Axes
 + Level 6.0 Maces & Flails
 + Level 6.0 Polearms
 + Level 6.0 Staves
 + Level 6.0 Slings
 + Level 6.0 Bows
 + Level 6.0 Crossbows
 + Level 6.6 Throwing
 + Level 6.6 Armour
 + Level 9.6 Dodging
 + Level 6.0 Stealth
 + Level 6.0 Shields
 + Level 6.0 Unarmed Combat
 + Level 7.9 Spellcasting
 + Level 4.9 Conjurations
 + Level 4.9 Hexes
 + Level 4.9 Summonings
 + Level 4.9 Necromancy
 + Level 7.5 Translocations
 + Level 4.9 Transmutations
 + Level 4.9 Fire Magic
 + Level 4.9 Ice Magic
 + Level 4.9 Air Magic
 + Level 4.9 Earth Magic
 + Level 4.9 Poison Magic
 + Level 6.5 Invocations
 + Level 6.0 Evocations


You had 12 spell levels left.
You knew the following spells:

 Your Spells              Type           Power      Damage    Failure   Level
a - Blink                 Tloc           78%        N/A       1%          2
b - Teleport Other        Tloc           39%        N/A       1%          3
c - Lesser Beckoning      Tloc           39%        N/A       1%          3
d - Manifold Assault      Tloc           39%        N/A       11%         5

Your spell library contained the following spells:

 Spells                   Type           Power      Damage    Failure   Level
 Gell's Gravitas          Tloc           39%        N/A       1%          3
 Confusing Touch          Hex            29%        N/A       3%          3
 Animate Armour           Summ/Erth      58%        N/A       11%         4
 Hailstorm                Conj/Ice       29%        3d8       11%         4
 Ice Form                 Ice/Tmut       29%        N/A       11%         4
 Blade Hands              Tmut           14%        N/A       28%         5
 Yara's Violent Unravell  Hex/Tmut       14%        3d7       28%         5
 Iron Shot                Conj/Erth      14%        9d4       85%         6
 Simulacrum               Ice/Necr       14%        N/A       85%         6
 Enfeeble                 Hex            14%        N/A       100%        7

Inventory:

Hand Weapons
 k - the +4 dagger "Morg" {pain, Will+ Int+5, short}
   (You found it on level 6 of the Dungeon)

   In the hands of one skilled in necromantic magic, it inflicts extra damage on
   living creatures.
   Int:       It affects your intelligence (+5).
   Will:      It increases your willpower.
 v - a +2 whip of electrocution {mace}
   (You took it off Pikel on level 5 of the Dungeon)
 J - the +6 rapier of Context (weapon) {freeze, Int+3 Stlth+, short}
   (You took it off a gnoll shaman on level 7 of the Dungeon)

   It freezes those it strikes, dealing additional cold damage.
   It can also slow down cold-blooded creatures.
   Int:       It affects your intelligence (+3).
   Stlth:     It makes you more stealthy.
Missiles
 d - 7 boomerangs of dispersal {=f!fthrowing}
 e - 6 boomerangs {throwing}
 h - 156 stones (quivered) {throwing}
 t - 6 throwing nets {=f!fthrowing}
 I - 6 poisoned darts {throwing}
Armour
 b - a +0 leather armour
 s - a +0 cloak (worn)
   (You took it off Maurice on level 8 of the Dungeon)
 x - a +0 hat of stealth (worn)
   (You took it off Gastronok on level 8 of the Dungeon)
 A - a +1 pair of boots (worn)
   (You found it on level 4 of the Dungeon)
 E - a +2 robe of willpower
   (You took it off a wight on level 7 of the Dungeon)
 M - +0 steam dragon scales (worn)
   (You took it off Maggie on level 7 of the Dungeon)
Jewellery
 c - an amulet of guardian spirit
   (You found it on level 8 of the Dungeon)
 g - an amulet of faith {!P}
   (You found it on level 4 of the Dungeon)
 j - an amulet of regeneration (around neck) {@e2}
   (You found it on level 1 of the Dungeon)
 o - a ring of fire
   (You found it on level 2 of the Dungeon)
 r - a ring of fire
   (You found it on level 5 of the Dungeon)
 w - a ring of see invisible (left hand)
   (You found it on level 3 of the Dungeon)
 y - a ring of magical power
   (You found it on level 8 of the Dungeon)
 B - a +6 ring of strength (right hand)
   (You found it on level 5 of the Dungeon)
Wands
 m - a wand of charming (10)
   (You took it off Maurice on level 8 of the Dungeon)
 D - a wand of paralysis (11)
   (You found it on level 8 of the Dungeon)
 K - a wand of iceblast (9)
   (You found it on level 7 of the Dungeon)
 L - a wand of flame (30)
   (You found it on level 7 of the Dungeon)
 O - a wand of digging (5)
   (You found it on level 9 of the Dungeon)
Scrolls
 f - a scroll of amnesia
 i - 2 scrolls of noise {!r}
 l - 2 scrolls of immolation {!r!r}
 p - 2 scrolls of magic mapping {!r}
 C - 2 scrolls of enchant weapon
 F - 2 scrolls of teleportation {@r4}
 G - 2 scrolls of identify {@r1}
 N - a scroll of fear
Potions
 n - a potion of attraction {!q}
 q - a potion of might
 u - 2 potions of brilliance
 z - 3 potions of lignification {!q}
 H - a potion of flight

Dungeon Overview and Level Annotations

Branches:
Dungeon (9/15)             Temple (1/1) D:6            Lair (1/6) D:9
    Orc: D:9-12

Altars:
Cheibriados
Elyvilon
Kikubaaqudgha
Makhleb
Qazlal
Trog
Vehumet
Wu Jian
Xom
Yredelemnul
Ignis

Shops:
D:8 *

Annotations:
D:9 1 runed translucent door, AlmostDecent's ghost, novice TeHu

..#.. .....
....###.....
...........
#..........
#.........k
#..........
##.E........
#...@.......
##.E........
#..........
#..........
...........
.#..........
.............
..............


You could see a rime drake (asleep) and 2 fire elementals.


Message History

You throw a stone {throwing}.
The stone {throwing} hits the iguana but does no damage.
You puncture the iguana!
The iguana seems to slow down.
You freeze the iguana.
You kill the iguana!
No target in view!
No target in view!
No target in view!
No target in view!
No target in view!
No target in view!
No target in view!
No target in view!
No target in view!
No target in view!
No target in view!
No target in view!
No target in view!
No target in view!
No target in view!
No target in view!
No target in view!
No target in view!
No target in view!
No target in view!
h - 152 stones {throwing} (gained 1)
You see here an iguana corpse.
h - 153 stones {throwing} (gained 1)
h - 155 stones {throwing} (gained 2)
h - 156 stones {throwing} (gained 1) "Burn!
Burn until nothing is left!" 3 fire elementals come into view.
You see here 2 stones {throwing}.
There are monsters nearby!
There are monsters nearby!
You hit the fire elemental. You freeze the fire elemental.
You headbutt the fire elemental. Your bite misses the fire elemental.
You closely miss the fire elemental. The fire elemental hits you.
The fire elemental burns you! 😕 HP[-12]
You take 12 damage, and now have 72/84 hp. 😕 HP[+2]
You regained 2 hp, and now have 74/84 hp.
The fire elemental hits you. The fire elemental burns you!
The fire elemental hits you. The fire elemental burns you!
The fire elemental closely misses you. 😮 HP[-22]
You take 22 damage, and now have 52/84 hp.
MASSIVE DAMAGE!! (PAUSE)
The fire elemental barely misses you. The fire elemental hits you.
The fire elemental burns you!
* * * LOW HITPOINT WARNING * * *
The fire elemental completely misses you. 😨 HP[-10]
You take 10 damage, and now have 42/84 hp.
The fire elemental closely misses you.
The fire elemental barely misses you. 😮 HP[+2]
You regained 2 hp, and now have 44/84 hp.
You hit the bush but do no damage.
You headbutt the bush, but do no damage.
The fire elemental closely misses you. The fire elemental hits you.
The fire elemental burns you!
* * * LOW HITPOINT WARNING * * *
😨 HP[-6]
You take 6 damage, and now have 38/84 hp.
The fire elemental hits you. The fire elemental burns you!
* * * LOW HITPOINT WARNING * * *
The fire elemental barely misses you. 😨 HP[-7]
You take 7 damage, and now have 31/84 hp.
The fire elemental hits you. The fire elemental burns you!
* * * LOW HITPOINT WARNING * * *
There is a staircase to the Lair here. 😱 HP[-10]
You take 10 damage, and now have 21/84 hp.
The fire elemental completely misses you.
The fire elemental misses you.
You climb downwards.
Welcome to the Lair of Beasts!
There is a staircase back to the Dungeon here.
Unknown command.
Unknown command.
Unknown command.
Unknown command. 😨 HP[+2]
You regained 2 hp, and now have 23/84 hp.
As you read the scroll of teleportation {@r4}, it crumbles to dust.
You feel strangely unstable. The fire elemental misses you.
The fire elemental barely misses you. 😨 HP[+1]
You feel better. The fire elemental hits you. The fire elemental burns you!
* * * LOW HITPOINT WARNING * * *
The fire elemental hits you. The fire elemental burns you!
* * * LOW HITPOINT WARNING * * *
The fire elemental hits you. The fire elemental burns you!
* * * LOW HITPOINT WARNING * * *
😱 HP[-23]
You take 23 damage, and now have 1/84 hp.
MASSIVE DAMAGE!! (PAUSE)
Okay, then.
You feel better. The fire elemental hits you. The fire elemental burns you!
You die...

Skill      XL: |  1  2  3  4  5  6  7  8  9 10 11 |
---------------+----------------------------------+-----
Spellcasting   | 5 6 7 |  7.9
Invocations    | 1 2 3 4 5 6 |  6.5
Short Blades   | 1 2 3 4 5 6 |  6.0
Axes           | 1 2 3 4 5 6 |  6.0
Maces & Flails | 1 2 3 4 5 6 |  6.0
Polearms       | 1 2 3 4 5 6 |  6.0
Staves         | 1 2 3 4 5 6 |  6.0
Slings         | 1 2 3 4 5 6 |  6.0
Bows           | 1 2 3 4 5 6 |  6.0
Crossbows      | 1 2 3 4 5 6 |  6.0
Stealth        | 1 2 3 4 5 6 |  6.0
Shields        | 1 2 3 4 5 6 |  6.0
Unarmed Combat | 1 2 3 4 5 6 |  6.0
Evocations     | 1 2 3 4 5 6 |  6.0
Conjurations   | 1 2 3 4 |  4.9
Hexes          | 1 2 3 4 |  4.9
Summonings     | 1 2 3 4 |  4.9
Necromancy     | 1 2 3 4 |  4.9
Transmutations | 1 2 3 4 |  4.9
Fire Magic     | 1 2 3 4 |  4.9
Ice Magic      | 1 2 3 4 |  4.9
Air Magic      | 1 2 3 4 |  4.9
Earth Magic    | 1 2 3 4 |  4.9
Poison Magic   | 1 2 3 4 |  4.9
Throwing       | 3 4 5 6 |  6.6
Armour         | 3 4 5 6 |  6.6
Fighting       | 5 6 7 |  7.6
Long Blades    | 5 6 7 |  7.6
Dodging        | 5 6 8 9 |  9.6
Translocations | 6 7 |  7.5

Action                   |  1- 3 |  4- 6 |  7- 9 | 10-12 || total
-------------------------+-------+-------+-------+-------++-------
Melee: Falchion          |   123 |    11 |       |       ||   134
       Bite              |    13 |     7 |    19 |    24 ||    63
       Hand axe          |       |    88 |    31 |       ||   119
       Punch             |       |       |     9 |     5 ||    14
       Headbutt          |       |       |    39 |    33 ||    72
       Whip              |       |       |   111 |       ||   111
       Rapier            |       |       |    65 |   175 ||   240
Throw: Stone             |     8 |    77 |   113 |    71 ||   269
 Cast: Teleport Other    |       |     3 |     7 |       ||    10
       Blink             |       |     1 |     3 |       ||     4
       Manifold Assault  |       |       |     8 |    14 ||    22
Invok: Foxfire Swarm     |     1 |     3 |     2 |     1 ||     7
       Rising Flame      |       |       |     1 |       ||     1
       Fiery Armour      |       |       |     1 |       ||     1
Evoke: Wand              |       |     3 |     7 |     4 ||    14
  Use: Potion            |     1 |     5 |     9 |     3 ||    18
       Scroll            |       |       |    11 |     5 ||    16
Armor: Leather armour    |    29 |    16 |    20 |       ||    65
       Steam dragon scal |       |       |    20 |    37 ||    57
       Robe              |       |       |     4 |       ||     4
Dodge: Dodged            |    97 |   106 |   182 |   132 ||   517

Levels and vault maps discovered:
D:1:      elethiomel_arrival_infinity_welcomes_careful_drivers,
          layout_loops_ring, ebering_ecumenical_altar_abandoned
D:2:      layout_loops_ring
D:3:      layout_basic, nrook_loot_triangle
D:4:      layout_basic, chequers_ossuary_entry_cave, minmay_misc_feat_roman,
          dreamdust_princess_bridge, minmay_manual_mares, uniq_sigmund,
          uniq_menkaure
D:5:      layout_loops_ring, gammafunk_temple_overflow_elements,
          mainiacjoe_overflow_big_doors, chequers_garden,
          kennysheep_decorative_pillar, uniq_pikel
D:6:      layout_basic, minmay_temple_entry_statues, minmay_fountain_box,
          minivault_19
D:7:      layout_basic, serial_curves, eino_curves_01, eino_curves_03,
          nicolae_grassy_gnolls, uniq_maggie
D:8:      layout_layer_cave, nicolae_shop_fire_sale [nicolae_sub_dead_trees],
          minmay_misc_feat_secret_circle, uniq_maurice, uniq_gastronok
D:9:      layout_loops_ring, tgw_fedhas, kennysheep_little_box,
          nemelex_diamond_rough_becter, minmay_lair_entry_grove,
          ebering_ghost_xom
Temple:   eino_wide_crystal_templ
Lair:1:   hellmonk_destroyed_diamonds, layout_long_grid,
          minmay_stone_trees_small

Notes
Turn   | Place    | Note
-------+----------+-------------------------------------------
     0 | D:1      | spaghetti the Gnoll Warper began the quest for the Orb.
     0 | D:1      | Reached XP level 1. HP: 20/20 MP: 6/6
     0 | D:1      | magus.rc [v1.9.6]
   239 | D:1      | You pick up a book of Iron and begin reading...
   239 | D:1      | You add the spells Animate Armour, Blade Hands and Iron
                  | Shot to your library.
   396 | D:1      | Reached XP level 2. HP: 19/26 MP: 7/7
   857 | D:1      | Found a faded altar of an unknown god.
   896 | D:1      | Prayed at the altar of an unknown god.
   896 | D:1      | Became a worshipper of Ignis, the Dying Flame
   900 | D:1      | Learned a level 2 spell: Blink
  1560 | D:2      | Reached XP level 3. HP: 30/31 MP: 9/9
  1570 | D:2      | Learned a level 3 spell: Teleport Other
  1606 | D:2      | HP: 6/31 [adder (3)]
  1610 | D:2      | Reached skill level 5 in Spellcasting
  1777 | D:2      | Learned a level 3 spell: Lesser Beckoning
  1797 | D:2      | Reached skill level 1 in Invocations
  1958 | D:2      | You pick up a book of Misfortune and begin reading...
  1958 | D:2      | You add the spells Confusing Touch, Yara's Violent
                  | Unravelling and Enfeeble to your library.
  2096 | D:2      | Reached skill level 1 in Short Blades
  2096 | D:2      | Reached skill level 1 in Axes
  2096 | D:2      | Reached skill level 1 in Maces & Flails
  2096 | D:2      | Reached skill level 1 in Polearms
  2096 | D:2      | Reached skill level 1 in Staves
  2096 | D:2      | Reached skill level 1 in Slings
  2096 | D:2      | Reached skill level 1 in Bows
  2096 | D:2      | Reached skill level 1 in Crossbows
  2096 | D:2      | Reached skill level 1 in Stealth
  2096 | D:2      | Reached skill level 1 in Shields
  2096 | D:2      | Reached skill level 1 in Unarmed Combat
  2096 | D:2      | Reached skill level 1 in Evocations
  2539 | D:3      | Reached XP level 4. HP: 31/38 MP: 11/11
  2551 | D:3      | Reached skill level 1 in Conjurations
  2551 | D:3      | Reached skill level 1 in Hexes
  2551 | D:3      | Reached skill level 1 in Summonings
  2551 | D:3      | Reached skill level 1 in Necromancy
  2551 | D:3      | Reached skill level 1 in Transmutations
  2551 | D:3      | Reached skill level 1 in Fire Magic
  2551 | D:3      | Reached skill level 1 in Ice Magic
  2551 | D:3      | Reached skill level 1 in Air Magic
  2551 | D:3      | Reached skill level 1 in Earth Magic
  2551 | D:3      | Reached skill level 1 in Poison Magic
  3409 | D:4      | Noticed Sigmund
  3551 | D:4      | Reached XP level 5. HP: 30/43 MP: 12/12
  3728 | D:4      | Noticed a centaur
  3728 | D:4      | Noticed a centaur
  3732 | D:4      | Killed a centaur
  3733 | D:4      | Reached skill level 3 in Throwing
  3733 | D:4      | Reached skill level 3 in Armour
  3733 | D:4      | HP: 9/43 [centaur (6)]
  3736 | D:4      | HP: 3/43 [centaur (6)]
  3736 | D:4      | HP: 1/43 [centaur (2)]
  3737 | D:4      | Killed a centaur
  3738 | D:4      | Reached skill level 2 in Invocations
  3738 | D:4      | Reached XP level 6. HP: 3/50 MP: 14/14
  3918 | D:4      | Reached skill level 5 in Fighting
  3918 | D:4      | Reached skill level 5 in Long Blades
  3918 | D:4      | Reached skill level 5 in Dodging
  3936 | D:4      | Reached skill level 2 in Short Blades
  3936 | D:4      | Reached skill level 2 in Axes
  3936 | D:4      | Reached skill level 2 in Maces & Flails
  3936 | D:4      | Reached skill level 2 in Polearms
  3936 | D:4      | Reached skill level 2 in Staves
  3936 | D:4      | Reached skill level 2 in Slings
  3936 | D:4      | Reached skill level 2 in Bows
  3936 | D:4      | Reached skill level 2 in Crossbows
  3936 | D:4      | Reached skill level 2 in Stealth
  3936 | D:4      | Reached skill level 2 in Shields
  3936 | D:4      | Reached skill level 2 in Unarmed Combat
  3936 | D:4      | Reached skill level 2 in Evocations
  3937 | D:4      | HP: 9/51 [gnoll/+0 whip (4)]
  3938 | D:4      | HP: 3/51 [gnoll/+0 flail (7)]
  4073 | D:4      | Noticed Menkaure
  4078 | D:5      | Entered Level 5 of the Dungeon
  4297 | D:5      | Noticed a black bear
  4306 | D:5      | Killed a black bear
  4307 | D:5      | Reached XP level 7. HP: 42/56 MP: 15/15
  4423 | D:5      | Found an ornate altar of the Wu Jian Council.
  4431 | D:5      | Found a white marble altar of Elyvilon.
  4489 | D:5      | Gained mutation: You have a pair of small horns on your
                  | head. [potion of mutation]
  4489 | D:5      | Gained mutation: You expend magic power (3 MP) to
                  | strengthen your wands. [potion of mutation]
  4489 | D:5      | HP: 12/56 [poisoned by a scorpion]
  4491 | D:5      | HP: 4/56 [poisoned by a scorpion]
  4496 | D:5      | HP: 3/56 [poisoned by a scorpion]
  4864 | D:5      | Reached skill level 2 in Conjurations
  4864 | D:5      | Reached skill level 2 in Hexes
  4864 | D:5      | Reached skill level 2 in Summonings
  4864 | D:5      | Reached skill level 2 in Necromancy
  4864 | D:5      | Reached skill level 2 in Transmutations
  4864 | D:5      | Reached skill level 2 in Fire Magic
  4864 | D:5      | Reached skill level 2 in Ice Magic
  4864 | D:5      | Reached skill level 2 in Air Magic
  4864 | D:5      | Reached skill level 2 in Earth Magic
  4864 | D:5      | Reached skill level 2 in Poison Magic
  4869 | D:5      | Noticed Pikel
  4881 | D:5      | Killed Pikel
  4882 | D:5      | Reached skill level 3 in Short Blades
  4882 | D:5      | Reached skill level 3 in Axes
  4882 | D:5      | Reached skill level 3 in Maces & Flails
  4882 | D:5      | Reached skill level 3 in Polearms
  4882 | D:5      | Reached skill level 3 in Staves
  4882 | D:5      | Reached skill level 3 in Slings
  4882 | D:5      | Reached skill level 3 in Bows
  4882 | D:5      | Reached skill level 3 in Crossbows
  4882 | D:5      | Reached skill level 4 in Throwing
  4882 | D:5      | Reached skill level 4 in Armour
  4882 | D:5      | Reached skill level 6 in Dodging
  4882 | D:5      | Reached skill level 3 in Stealth
  4882 | D:5      | Reached skill level 3 in Shields
  4882 | D:5      | Reached skill level 3 in Unarmed Combat
  4882 | D:5      | Reached skill level 6 in Translocations
  4882 | D:5      | Reached skill level 3 in Invocations
  4882 | D:5      | Reached skill level 3 in Evocations
  4882 | D:5      | Reached XP level 8. HP: 26/63 MP: 16/16
  4928 | D:4      | Killed Menkaure
  4929 | D:4      | Reached skill level 6 in Spellcasting
  4933 | D:4      | Killed Sigmund
  5442 | D:5      | Found a bloodstained altar of Trog.
  5442 | D:5      | Found a burning altar of Makhleb.
  5581 | D:5      | Reached skill level 4 in Invocations
  5678 | D:6      | Reached skill level 3 in Conjurations
  5678 | D:6      | Reached skill level 3 in Hexes
  5678 | D:6      | Reached skill level 3 in Summonings
  5678 | D:6      | Reached skill level 3 in Necromancy
  5678 | D:6      | Reached skill level 3 in Transmutations
  5678 | D:6      | Reached skill level 3 in Fire Magic
  5678 | D:6      | Reached skill level 3 in Ice Magic
  5678 | D:6      | Reached skill level 3 in Air Magic
  5678 | D:6      | Reached skill level 3 in Earth Magic
  5678 | D:6      | Reached skill level 3 in Poison Magic
  5769 | D:6      | HP: 9/64 [gnoll sergeant/+0 spear (11)]
  5772 | D:6      | Reached skill level 6 in Fighting
  5772 | D:6      | Reached skill level 6 in Long Blades
  5904 | D:6      | Reached XP level 9. HP: 69/69 MP: 18/18
  5910 | D:6      | Learned a level 5 spell: Manifold Assault
  5929 | D:6      | Found the +4 dagger "Morg" {pain, Will+ Int+5}
  6075 | D:6      | Reached skill level 7 in Dodging
  6122 | D:6      | Found a staircase to the Ecumenical Temple.
  6432 | D:6      | Reached skill level 4 in Short Blades
  6432 | D:6      | Reached skill level 4 in Axes
  6432 | D:6      | Reached skill level 4 in Maces & Flails
  6432 | D:6      | Reached skill level 4 in Polearms
  6432 | D:6      | Reached skill level 4 in Staves
  6432 | D:6      | Reached skill level 4 in Slings
  6432 | D:6      | Reached skill level 4 in Bows
  6432 | D:6      | Reached skill level 4 in Crossbows
  6432 | D:6      | Reached skill level 4 in Stealth
  6432 | D:6      | Reached skill level 4 in Shields
  6432 | D:6      | Reached skill level 4 in Unarmed Combat
  6432 | D:6      | Reached skill level 4 in Evocations
  6915 | D:7      | Reached skill level 5 in Throwing
  6915 | D:7      | Reached skill level 5 in Armour
  7093 | D:7      | Identified the +6 rapier of Context {freeze, Int+3 Stlth+}
  7290 | D:7      | Noticed Maggie
  7319 | D:7      | Killed Maggie
  7760 | D:7      | Reached skill level 5 in Invocations
  7921 | D:8      | Reached skill level 8 in Dodging
  8134 | D:8      | Reached skill level 7 in Spellcasting
  8136 | D:8      | Reached XP level 10. HP: 58/77 MP: 20/20
  8138 | D:8      | Reached skill level 4 in Conjurations
  8138 | D:8      | Reached skill level 4 in Hexes
  8138 | D:8      | Reached skill level 4 in Summonings
  8138 | D:8      | Reached skill level 4 in Necromancy
  8138 | D:8      | Reached skill level 4 in Transmutations
  8138 | D:8      | Reached skill level 4 in Fire Magic
  8138 | D:8      | Reached skill level 4 in Ice Magic
  8138 | D:8      | Reached skill level 4 in Air Magic
  8138 | D:8      | Reached skill level 4 in Earth Magic
  8138 | D:8      | Reached skill level 4 in Poison Magic
  8416 | D:9      | HP: 7/77 [acid dragon/splash of acid (32)]
  8652 | D:7      | magus.rc [v1.9.6]
  8661 | D:8      | Identified a scroll of acquirement
  8672 | D:8      | Acquired 640 gold pieces
  8841 | D:8      | Noticed Gastronok
  8848 | D:8      | Noticed Maurice
  8849 | D:8      | Killed Gastronok
  8850 | D:8      | Reached skill level 7 in Fighting
  8850 | D:8      | Reached skill level 5 in Short Blades
  8850 | D:8      | Reached skill level 7 in Long Blades
  8850 | D:8      | Reached skill level 5 in Axes
  8850 | D:8      | Reached skill level 5 in Maces & Flails
  8850 | D:8      | Reached skill level 5 in Polearms
  8850 | D:8      | Reached skill level 5 in Staves
  8850 | D:8      | Reached skill level 5 in Slings
  8850 | D:8      | Reached skill level 5 in Bows
  8850 | D:8      | Reached skill level 5 in Crossbows
  8850 | D:8      | Reached skill level 5 in Stealth
  8850 | D:8      | Reached skill level 5 in Shields
  8850 | D:8      | Reached skill level 5 in Unarmed Combat
  8850 | D:8      | Reached skill level 7 in Translocations
  8850 | D:8      | Reached skill level 5 in Evocations
  8858 | D:8      | Killed Maurice
  8859 | D:8      | Reached skill level 6 in Throwing
  8859 | D:8      | Reached skill level 6 in Armour
  8979 | D:8      | You pick up a book of the Tundra and begin reading...
  8979 | D:8      | You add the spells Hailstorm, Ice Form and Simulacrum to
                  | your library.
  9123 | D:8      | Reached skill level 6 in Invocations
  9516 | D:8      | Reached skill level 9 in Dodging
  9713 | D:8      | Found Nezo's Fire Supplies.
  9788 | Temple   | Entered the Ecumenical Temple
  9800 | Temple   | Fell from the grace of Ignis
  9800 | Temple   | Became a worshipper of Cheibriados the Contemplative
 10104 | D:9      | Found a runed translucent door.
 10104 | D:9      | Found a shimmering altar of Xom.
 10104 | D:9      | Noticed AlmostDecent's ghost (novice TeHu)
 10105 | D:9      | Noticed a +0 scimitar of chaos
 10352 | D:9      | Reached XP level 11. HP: 78/84 MP: 22/22
 10385 | D:9      | Reached * piety under Cheibriados
 10397 | D:9      | Reached skill level 6 in Short Blades
 10397 | D:9      | Reached skill level 6 in Axes
 10397 | D:9      | Reached skill level 6 in Maces & Flails
 10397 | D:9      | Reached skill level 6 in Polearms
 10397 | D:9      | Reached skill level 6 in Staves
 10397 | D:9      | Reached skill level 6 in Slings
 10397 | D:9      | Reached skill level 6 in Bows
 10397 | D:9      | Reached skill level 6 in Crossbows
 10397 | D:9      | Reached skill level 6 in Stealth
 10397 | D:9      | Reached skill level 6 in Shields
 10397 | D:9      | Reached skill level 6 in Unarmed Combat
 10397 | D:9      | Reached skill level 6 in Evocations
 10443 | D:9      | Found a staircase to the Lair.
 10474 | D:9      | HP: 21/84 [fire elemental[the fiery vengeance of Ignis]
                  | (12)]
 10476 | Lair:1   | Entered Level 1 of the Lair of Beasts
 10478 | Lair:1   | HP: 10/84 [fire elemental[the fiery vengeance of Ignis]
                  | (10)]
 10478 | Lair:1   | HP: 1/84 [fire elemental[the fiery vengeance of Ignis] (9)]
 10479 | Lair:1   | Slain by a fire elemental

Vanquished Creatures
  Gastronok (D:8)
  Pikel (D:5)
  Maurice (D:8)
  Maggie (D:7)
  A shadow (D:9)
  Sigmund (D:4)
  3 wyverns
  5 yaks (D:9)
  Menkaure (D:4)
  An acid dragon (D:9)
  A water moccasin (D:9)
  A sky beast (D:6)
  An orc warrior (D:8)
  5 black bears
  2 wolves (D:9)
  An ogre (D:5)
  3 centaurs
  A gnoll sergeant (D:6)
  4 bullfrogs
  2 scorpions
  9 wights
  10 killer bees
  A howler monkey (D:8)
  3 jellies
  5 hounds
  An orc priest (D:3)
  3 gnoll shamans (D:7)
  6 iguanas
  An orc wizard (D:9)
  8 adders
  18 gnolls
  A white imp (D:6)
  An ufetubus (D:6)
  A worm (D:2)
  2 dart slugs (D:4)
  16 orcs
  5 ball pythons
  6 endoplasms
  3 giant cockroaches
  5 goblins
  2 hobgoblins
  6 jackals
  3 quokkas
  4 bats
  A frilled lizard (D:1)
  4 kobolds
  2 rats
164 creatures vanquished.

Vanquished Creatures (collateral kills)
  A killer bee (D:8)
1 creature vanquished.

Vanquished Creatures (others)
  73 foxfires
  14 fungi
  76 plants
163 creatures vanquished.

Grand Total: 328 creatures vanquished

Table legend:
 A = Non-vault XP
 B = Vault XP
 C = Vault XP percentage of total XP
 D = Non-vault monster count
 E = Vault monster count
 F = Vault count percentage of total count
                 A         B        C        D         E       F
            +---------+---------+-------+---------+---------+-------
      Total |    5581 |    4799 |  46.2 |     143 |      22 |  13.3
            +---------+---------+-------+---------+---------+-------
        D:1 |      22 |       0 |   0.0 |      13 |       0 |   0.0
        D:2 |      56 |       0 |   0.0 |      17 |       0 |   0.0
        D:3 |      72 |       0 |   0.0 |      17 |       0 |   0.0
        D:4 |     207 |     606 |  74.5 |      13 |       4 |  23.5
        D:5 |     528 |     641 |  54.8 |      17 |       1 |   5.6
        D:6 |     634 |       0 |   0.0 |      17 |       0 |   0.0
        D:7 |     873 |     517 |  37.2 |      16 |       6 |  27.3
        D:8 |    1448 |    1936 |  57.2 |      21 |       2 |   8.7
        D:9 |    1741 |    1099 |  38.7 |      12 |       9 |  42.9
            +---------+---------+-------+---------+---------+-------

Illustrated notes

Table legend:
 A = Kills in this place as a percentage of kills in entire the game.
 B = Kills by you in this place as a percentage of kills by you in the entire game.
 C = Kills by friends in this place as a percentage of kills by friends in the entire game.
 D = Other kills in this place as a percentage of other kills in the entire game.
 E = Experience gained in this place as a percentage of experience gained in the entire game.
 F = Experience gained in this place divided by the number of levels of this place that you have seen.
                   A       B       C       D       E      F
               +-------+-------+-------+-------+-------+----------------------
         Total | 100.0 | 100.0 | 100.0 |   N/A | 100.0 | 943.6
       Dungeon | 100.0 | 100.0 | 100.0 |   N/A | 100.0 | 1153.3
               +-------+-------+-------+-------+-------+----------------------

Table legend: (Time is in decaauts)
 A = Elapsed time spent in this place.
 B = Non-inter-level travel time spent in this place.
 C = Inter-level travel time spent in this place.
 D = Time resting spent in this place.
 E = Time spent auto-exploring this place.
 F = Levels seen in this place.
 G = Mean time per level.
                   A        B        C        D        E       F      G
               +--------+--------+--------+--------+--------+-----+--------+
         Total |  10578 |   9977 |    601 |   2241 |   6181 |  11 |  961.6 |
       Dungeon |  10555 |   9962 |    593 |   2241 |   6177 |   9 | 1172.8 |
        Temple |     20 |     12 |      8 |      0 |      4 |   1 |   20.0 |
          Lair |      2 |      2 |      0 |      0 |      0 |   1 |    2.0 |
               +--------+--------+--------+--------+--------+-----+--------+

Top non-repeatable levels by time:
     D:7: 1740 daAuts
     D:8: 1669 daAuts
     D:1: 1322 daAuts
     D:2: 1215 daAuts
     D:4: 1200 daAuts
     D:5: 1053 daAuts
     D:6: 924 daAuts
     D:3: 880 daAuts
     D:9: 549 daAuts
  Temple: 20 daAuts
  Lair:1: 2 daAuts
